 Dungeon Crawl Stone Soup version 0.30-b1-2-g02819fbbbe (webtiles) character file.

Game seed: 1577007467544989862

399 erloom the Magician (level 7, -3/45 HPs)
             Began as a Djinni Fire Elementalist on June 8, 2023.
             Slain by an ogre
             ... wielding a +0 giant club
              (23 damage)
             ... on level 4 of the Dungeon.
             The game lasted 00:09:31 (3739 turns).

erloom the Magician (Djinni Fire Elementalist)      Turns: 3739, Time: 00:09:31

Health: -3/45      AC:  1    Str: 13    XL:     7   Next: 10%
Gold:   258        EV: 12    Int: 19    God:
                   SH:  0    Dex: 13

rFire   + + .        u - +2 dagger (protect)
rCold   x . .        (no shield)
rNeg    + . .        (no body armour)
rPois   ∞            (no helmet)
rElec   .            (no cloak)
rCorr   .            j - +0 pair of gloves
SInv    .            (boots unavailable)
Will    .....        (no amulet)
Stlth   ++           f - ring of positive energy
HPRegen 0.27/turn    h - +6 ring of strength
MPRegen 0.00/turn

%: infuse magic (-4 HP)
@: flying
A: sickness immunity, fire resistance 2, cold vulnerability 1, float, innate
caster, HP casting, extra vitality 1
a: no special abilities


You were on level 4 of the Dungeon.
You visited 1 branch of the dungeon, and saw 4 of its levels.

You collected 258 gold pieces.

Inventory:

Hand Weapons
 u - a +2 dagger of protection (weapon)
Armour
 a - a +0 robe
 j - a +0 pair of gloves (worn)
 v - a +0 leather armour
Jewellery
 f - a ring of positive energy (left hand)
 h - a +6 ring of strength (right hand)
 k - a ring of ice
Wands
 s - a wand of flame (33)
 t - a wand of mindburst (16)
Scrolls
 c - a scroll of magic mapping {unknown}
 d - 3 scrolls of identify {unknown}
 e - a scroll of noise {unknown}
 i - 2 scrolls of teleportation {unknown}
 m - a scroll of amnesia {unknown}
 o - 2 scrolls of immolation {unknown}
 p - 2 scrolls of blinking {unknown}
 x - a scroll of acquirement {unknown}
Potions
 b - a potion of brilliance {unknown}
 g - 3 potions of lignification {unknown}
 l - 3 potions of heal wounds {unknown}
 n - 4 potions of curing {unknown}
 q - 2 potions of flight {unknown}
 r - a potion of might {unknown}
 w - a potion of magic {unknown}


   Skills:
 + Level 0.2 Short Blades
 - Level 2.1 Dodging
 - Level 2.0 Stealth
 + Level 5.6 Spellcasting


You knew the following spells:

 Your Spells              Type           Power      Damage    Failure   Level
a - Foxfire               Conj/Fire      100%       2x1d9     1%          1
b - Scorch                Fire           52%        2d7       1%          2
c - Volatile Blastmotes   Fire/Tloc      52%        2d14      3%          3
d - Inner Flame           Hex/Fire       26%        N/A       3%          3
e - Flame Wave            Conj/Fire      26%        2d8       12%         4
f - Summon Small Mammal   Summ           100%       N/A       1%          1
g - Static Discharge      Conj/Air       52%        2-5/arc   1%          2
h - Portal Projectile     Hex/Tloc       52%        N/A       3%          3
Your spell library was empty.

Dungeon Overview and Level Annotations

Branches:
Dungeon (4/15)
 Temple: D:4-7

Altars:
Fedhas
Zin

Annotations:
D:3 3 runed translucent doors, Alarkh's ghost, weakling DsHu; arta456's ghost, amateur DECj; arta456's ghost, weakling DECj


Innate Abilities, Weirdness & Mutations

You are immune to sickness and miasma.
You are immune to poison.
Your flesh is very heat resistant. (rF++)
You are vulnerable to cold. (rC-)
You float through the air rather than walking.
You learn spells naturally, not from books.
Your magical power is your life essence.
You have superior vitality. (+4 MHP)


Message History

Casting: Foxfire (safe; 1% risk of failure)
Confirm with . or Enter, or press ? or * to list all spells.
You conjure some foxfire!
The goblin shouts!
The foxfire hits the goblin.
You kill the goblin!
Casting: Foxfire (safe; 1% risk of failure)
Confirm with . or Enter, or press ? or * to list all spells.
You conjure some foxfire!
Your foxfire dissipates!
The kobold closely misses you.
You see here a +0 club.
Your foxfire dissipates! x2
The kobold throws a poisoned dart.
The poisoned dart barely misses you.
The kobold hits you with a +0 short sword.
You see here a +0 club.
You closely miss the kobold.
The kobold hits you with a +0 short sword.
You hit the kobold.
Your weapon exudes an aura of protection.
The kobold is severely wounded.
The kobold hits you with a +0 short sword.
You closely miss the kobold.
The kobold is severely wounded.
The kobold barely misses you.
You hit the kobold.
You kill the kobold!
Things that are here:
a +0 short sword; 7 poisoned darts An ogre comes into view.
It is wielding a +0 giant club.
Found 13 gold pieces and a scroll labelled FANGUM ANUU.
The ogre shouts!
The ogre attacks as you move away!
The ogre hits you with a +0 giant club!!
Ouch! That really hurt!
Casting: Foxfire (safe; 1% risk of failure)
Confirm with . or Enter, or press ? or * to list all spells.
The ogre hits you with a +0 giant club!!
Ouch! That really hurt!
You die...

#.#.............##...###
#.#.##########..........
#.#.#.)).....#.###......
#.#.#.######.#.......#.#
#.#.#.#....#.#.......###
#.#.#.#.##.#.#...##...##
##...#.#.#$?#.#..##...†#.
#....#.#O#?$#.#..........
#....#.#@####.#..........
###..#.#b.....#...#......
#..#.########..##..)...
##.)...........###.....
###....####.#.##......
#.#...####...#.......
#.........#..........
#...............#..).
##............###....


You could see an ogre (ally target) and a friendly bat (summoned).

Vanquished Creatures
  An ogre (D:4)
  A scorpion (D:4)
  An orc priest (D:3)
  Ijyb (D:3)
  An iguana (D:4)
  7 adders
  2 worms (D:2)
  6 dart slugs
  6 orcs
  7 ball pythons
  9 endoplasms
  3 giant cockroaches
  6 goblins
  10 hobgoblins
  7 jackals
  3 quokkas
  2 bats (D:1)
  3 frilled lizards
  7 kobolds
  8 rats
91 creatures vanquished.

Vanquished Creatures (others)
  327 foxfires
327 creatures vanquished.

Grand Total: 418 creatures vanquished

Notes
Turn   | Place    | Note
-------+----------+-------------------------------------------
     0 | D:1      | erloom the Djinni Fire Elementalist began the quest for the
                  | Orb.
     0 | D:1      | erloom set off with the following spells memorised:
                  | Foxfire, Scorch, Volatile Blastmotes, Inner Flame, Flame
                  | Wave.
     0 | D:1      | Reached XP level 1. HP: 15/15 MP: 0/0
   137 | D:1      | Reached XP level 2. HP: 11/21 MP: 0/0
   386 | D:1      | Reached skill level 3 in Spellcasting
   568 | D:1      | Reached XP level 3. HP: 23/25 MP: 0/0
   568 | D:1      | Learned a level 1 spell: Summon Small Mammal
  1344 | D:2      | Reached XP level 4. HP: 27/31 MP: 0/0
  1574 | D:2      | Found a faded altar of an unknown god.
  1724 | D:2      | Reached skill level 4 in Spellcasting
  1724 | D:2      | Reached XP level 5. HP: 33/35 MP: 0/0
  1724 | D:2      | Learned a level 2 spell: Static Discharge
  2019 | D:3      | Found a runed translucent gate.
  2020 | D:3      | Found a runed translucent gate.
  2021 | D:3      | Found a runed translucent gate.
  2022 | D:3      | Noticed arta456's ghost (amateur DECj)
  2024 | D:3      | Noticed Alarkh's ghost (weakling DsHu)
  2024 | D:3      | Noticed arta456's ghost (weakling DECj)
  2136 | D:3      | Noticed Ijyb
  2151 | D:3      | Killed Ijyb
  2729 | D:3      | Reached XP level 6. HP: 26/40 MP: 0/0
  3037 | D:4      | Noticed an ogre
  3046 | D:4      | Killed an ogre
  3047 | D:4      | Reached skill level 5 in Spellcasting
  3266 | D:4      | Reached XP level 7. HP: 44/45 MP: 0/0
  3266 | D:4      | Learned a level 3 spell: Portal Projectile
  3460 | D:4      | Found a glowing silver altar of Zin.
  3564 | D:4      | Found a blossoming altar of Fedhas.
  3739 | D:4      | Slain by an ogre

Illustrated notes

Levels and vault maps discovered:
D:1:      lightli_arrival_flooded_house, layout_basic
D:2:      layout_loops_ring, nicolae_ecumenical_lake_church, minmay_tromino_v4_b
D:3:      layout_basic, gammafunk_ghost_cemetery, uniq_ijyb
D:4:      layout_cave_pools, lemuel_doored_altar, mainiacjoe_overflow_24_doors,
          minivault_5

Skill      XL: |  1  2  3  4  5  6 |
---------------+-------------------+-----
Spellcasting   | 3 4 5 |  5.6
Stealth        | 2 |  2.0
Short Blades   | |  0.2
Dodging        | |  2.1

Action                     |  1- 3 |  4- 6 |  7- 9 || total
---------------------------+-------+-------+-------++-------
  Melee: Dagger            |       |     8 |     4 ||    12
   Cast: Foxfire           |   105 |   112 |    22 ||   239
         Scorch            |       |     7 |     1 ||     8
         Static Discharge  |       |     2 |       ||     2
         Summon Small Mamm |       |     1 |     1 ||     2
   Stab: Sleeping          |       |     1 |       ||     1
 Armour: Robe              |     1 |     3 |       ||     4
         Skin              |       |     6 |       ||     6
  Dodge: Dodged            |     5 |     9 |     3 ||    17
